Map: Void Thrashing

Players

Turu

  • Race: Terran Terran
  • Spawn Location: 6:00

NamroodTuo

  • Race: Terran Terran
  • Spawn Location: 9:00

VOD

Have the link to the VOD?

Description

Time

  • Played on: Jan. 22, 2023, 11:38 a.m.
  • Length: 20:47
Show
View Real Time Build Order
Export as new Build Order

Turu Terran 

Build Orders:  

Get SALT Encoding   

  12  0:08  SCV  
  13  0:25  SCV  
  14  0:31  Supply Depot  
  14  0:42  SCV  
  15  0:53  Barracks  
  15  1:01  Refinery  
  15  1:05  SCV  
  16  1:22  SCV  
  16  1:29  Marine  
  17  1:39  SCV, Marine  
  19  1:49  Refinery  
  20  1:50  Marine  
  20  1:57  Supply Depot  
  21  2:01  SCV  
  21  2:03  Marine  
  23  2:18  SCV  
  25  2:26  Barracks Tech Lab  
  25  2:41  Marine  
  25  2:44  Engineering Bay  
  25  2:46  SCV  
  26  3:03  SCV  
  27  3:13  Factory  
  27  3:20  SCV  
  28  3:37  SCV  
  29  3:45  Barracks  
  29  3:50  Terran Infantry Weapons Level 1  
  29  3:54  SCV  
  30  4:11  SCV  
  31  4:37  Command Center  
  31  4:49  Supply Depot  
  31  4:52  SCV  
  32  5:01  Barracks Reactor  
  32  5:02  Medic  
  32  5:09  SCV  
  35  5:16  Stabilizer Medpacks  
  35  5:23  Factory Tech Lab  
  35  5:36  Armory  
  35  5:37  SCV  
  36  5:55  Refinery  
  36  7:31  Starport  
  36  7:45  Armory  
  36  7:48  SCV  
  37  7:51  SCV  
  37  7:57  Refinery  
  38  8:05  SCV  
  38  8:08  SCV  
  40  8:13  Supply Depot x2  
  40  8:16  Supply Depot  
  40  8:18  Supply Depot  
  40  8:20  Supply Depot  
  40  8:22  SCV  
  40  8:23  Starport  
  40  8:24  SCV  
  40  8:27  Supply Depot  
  40  8:29  Supply Depot  
  42  8:31  Supply Depot  
  42  8:38  SCV  
  43  8:41  SCV  
  44  8:55  SCV  
  44  8:58  SCV  
  46  9:26  SCV  
  47  9:42  SCV  
  47  9:45  Starport Tech Lab  
  47  9:46  Starport Reactor  
  48  9:56  Terran Vehicle and Ship Weapons Level 1  
  48  9:58  Terran Vehicle And Ship Armor Level 1  
  48  9:59  SCV  
  49  10:09  Medic  
  49  10:11  Marine  
  49  10:12  Marine  
  49  10:16  SCV  
  49  10:19  Medic  
  54  10:22  Marine x2  
  54  10:29  Phobos Weapons System  
  58  10:30  Medic, Viking  
  58  10:32  Marine x2  
  58  10:33  SCV  
  65  10:40  Medic  
  65  10:42  Marine x2  
  65  10:43  Viking x2  
  65  10:49  Viking  
  73  10:50  SCV, Medic  
  78  11:01  Viking x2  
  78  11:03  Terran Infantry Armor Level 1  
  78  11:07  SCV  
  83  11:23  Viking  
  83  11:24  SCV  
  83  11:25  Viking  
  83  11:26  Viking  
  90  11:41  SCV, Viking  
  93  11:58  SCV  
  94  12:15  SCV  
  92  12:32  SCV  
  92  12:36  Advanced Optics  
  93  13:43  Unknown  
  93  13:45  Medic  
  93  13:49  Marine x2  
  95  13:55  Medic  
  95  13:56  Concussive Shells  
  95  13:59  Marine x2  
  99  14:03  Viking x3, Terran Vehicle And Ship Armor Level 2  
  99  14:06  Unknown, Marauder  
  99  14:09  Marine  
  86  14:10  Marine  
  109  14:17  Terran Infantry Weapons Level 2  
  109  14:18  Marauder  
  109  14:19  Marine  
  111  14:20  Marine  
  111  14:21  Viking  
  117  14:34  Marauder  
  117  14:36  Terran Vehicle and Ship Weapons Level 2  
  117  14:37  Viking  
  118  15:56  Unknown  
  118  16:20  Viking x3  
  106  16:38  Viking  
  106  16:39  Viking x2  
  109  16:58  Viking  
  109  17:00  Medic  
  109  17:05  Marine x2  
  115  17:10  Medic  
  115  17:15  Marine  
  118  17:27  Terran Infantry Armor Level 2  
  118  17:30  Marine x2, Supply Depot x2  
  118  17:31  Marauder, Viking x3  
  118  17:33  Supply Depot  
  118  17:35  Supply Depot  
  118  17:36  Supply Depot  
  118  17:38  Supply Depot  
  128  17:40  Marine x2, Supply Depot  
  128  17:42  Supply Depot  
  128  17:43  Marauder  
  128  17:44  Supply Depot  
  128  17:47  Supply Depot  
  128  17:49  Viking x2  
  132  17:50  Viking  
  132  17:51  Marine  
  132  17:56  Medic  
  141  18:08  Viking  
  135  19:24  Fusion Core, Viking x3  
  141  19:32  Marine x2  
  141  19:36  Medic  
  145  19:42  Marine x2, Viking  
  145  19:43  Viking x2  
  145  19:46  Medic  
  155  19:52  Marine x2  
  155  19:56  Medic  
  159  20:01  Viking x2  
  159  20:02  Marine, Viking  
  159  20:03  Marine  
  159  20:07  Marauder  
  161  20:20  Marauder, Viking x3  
  167  20:37  Unknown  
Show
View Real Time Build Order
Export as new Build Order

NamroodTuo Terran 

Build Orders:  

Get SALT Encoding   

  12  0:04  SCV  
  13  0:18  SCV  
  14  0:33  Factory  
  14  0:37  SCV  
  15  0:49  Supply Depot  
  15  1:18  SCV  
  16  1:32  SCV  
  17  1:42  Perdition Turret  
  17  2:00  Devastation Turret  
  17  2:02  SCV  
  18  2:15  Supply Depot  
  18  2:16  SCV  
  19  2:23  Perdition Turret  
  16  2:30  SCV  
  20  2:40  Devastation Turret  
  20  2:43  SCV  
  21  2:57  SCV  
  21  2:58  Engineering Bay  
  22  3:10  SCV  
  22  3:17  Perdition Turret  
  23  3:24  SCV  
  23  3:28  Hellion  
  26  3:55  Devastation Turret  
  26  4:01  Devastation Turret  
  26  4:09  SCV  
  27  4:19  Devastation Turret  
  27  4:22  SCV  
  27  4:27  Perdition Turret  
  28  4:36  SCV  
  29  4:49  SCV  
  29  4:51  Supply Depot  
  29  4:52  Perdition Turret  
  30  5:03  SCV  
  31  5:21  SCV  
  32  5:34  SCV  
  32  5:39  Perdition Turret  
  33  6:27  Devastation Turret  
  33  6:42  Devastation Turret  
  33  6:58  Devastation Turret  
  33  7:08  Supply Depot  
  33  7:11  Armory  
  32  7:42  Command Center  
  30  7:50  SCV  
  31  8:03  SCV  
  32  8:17  SCV  
  32  8:19  Devastation Turret  
  33  8:21  Spinning Dizzy, Devastation Turret  
  33  8:23  Spinning Dizzy  
  33  8:31  SCV  
  33  8:39  Devastation Turret  
  34  8:44  SCV  
  35  8:56  Perdition Turret  
  35  8:58  Refinery  
  35  9:01  Refinery  
  35  9:07  SCV  
  36  9:20  SCV  
  36  9:25  SCV  
  38  9:34  SCV, Refinery  
  38  9:38  SCV  
  40  9:47  SCV  
  41  9:52  SCV  
  42  10:01  SCV  
  42  10:03  Devastation Turret  
  42  10:05  SCV  
  44  10:12  Structure Armor  
  44  10:16  Devastation Turret  
  44  10:19  SCV  
  45  10:25  SCV  
  45  10:27  Supply Depot  
  46  10:32  SCV  
  46  10:39  SCV  
  48  10:46  SCV  
  49  10:53  SCV  
  49  10:58  Perdition Turret  
  67  11:00  SCV  
  50  11:06  SCV  
  50  11:07  Regenerative Bio-Steel  
  50  11:09  Devastation Turret  
  52  11:10  Supply Depot  
  52  11:13  SCV  
  53  11:20  SCV  
  53  11:27  SCV  
  55  11:32  Refinery  
  55  11:40  SCV  
  55  11:42  Upgrade Laser Drill Level 1  
  55  11:43  Supply Depot  
  55  11:48  Supply Depot  
  56  11:54  SCV  
  57  12:07  SCV  
  58  12:17  Devastation Turret  
  58  12:21  SCV  
  58  12:28  Devastation Turret  
  59  12:34  SCV  
  59  12:37  Advanced Optics  
  60  12:45  Devastation Turret  
  60  12:48  SCV  
  61  12:55  Devastation Turret  
  61  13:09  Devastation Turret  
  61  13:21  Devastation Turret  
  61  13:50  Hi-Sec Auto Tracking  
  61  14:02  Starport  
  61  14:03  Starport  
  61  14:32  Spinning Dizzy  
  61  14:35  Starport  
  61  14:36  Terran Vehicle and Ship Weapons Level 1  
  61  14:37  Spinning Dizzy  
  61  14:39  Starport Tech Reactor  
  61  15:08  Starport Tech Reactor x2  
  61  15:11  Wraith  
  61  15:12  Science Vessel  
  65  15:39  SCV  
  66  15:47  Supply Depot  
  66  15:51  Wraith  
  66  15:53  SCV  
  66  15:55  Devastation Turret  
  69  16:00  Science Vessel  
  69  16:06  SCV, Wraith x3  
  69  16:07  Wraith  
  80  16:11  Improved Nano-Repair  
  80  16:14  Devastation Turret  
  80  16:19  Supply Depot  
  80  16:20  SCV  
  80  16:22  Pulse Amplifier  
  81  16:31  Wraith  
  81  16:33  SCV  
  81  16:35  Devastation Turret  
  84  16:45  Supply Depot  
  84  16:46  Science Vessel  
  84  16:48  Science Vessel  
  88  16:51  Supply Depot  
  88  16:55  Wraith  
  88  16:57  Supply Depot  
  90  17:09  Supply Depot  
  90  17:11  Wraith  
  90  17:15  Supply Depot  
  90  17:16  SCV, Terran Vehicle And Ship Armor Level 1  
  90  17:19  Supply Depot  
  93  17:21  Wraith  
  93  17:22  Science Vessel  
  93  17:27  Supply Depot  
  93  17:29  SCV  
  97  17:36  Supply Depot  
  98  17:43  SCV  
  98  17:46  Wraith  
  101  17:56  SCV  
  102  18:00  Wraith  
  102  18:06  Wraith  
  104  19:37  Wraith x5  
  104  19:38  Wraith  
Tags
 
Commander
RaynorSwann
Matchup
Co-op
Replay Pack
Multiplayer
Add a new tag
Caveats
  • Supply blocks, unpowered buildings, or Contaminate may cause inaccurate times.
  • Supply counts are checked every 10 seconds.